 Dungeon Crawl Stone Soup version 0.31-a0-875-g02e7d12df6 (webtiles) character file.

Game seed: 7448671470852312052

37 GigaChad the Trooper (level 3, -8/23 HPs)
             Began as a Kobold Fighter on Oct 12, 2023.
             Killed by divine providence
             ... invoked by an orc priest
              (12 damage)
             ... on level 2 of the Dungeon.
             The game lasted 00:01:16 (1013 turns).

GigaChad the Trooper (Kobold Fighter)               Turns: 1013, Time: 00:01:17

Health: -8/23      AC:  6    Str: 15    XL:     3   Next: 62%
Magic:  3/3        EV: 16    Int:  9    God:
Gold:   67         SH:  4    Dex: 14    Spells: 2/2 levels left

rFire   . . .        a - +0 war axe
rCold   . . .        c - +0 buckler
rNeg    . . .        b - +0 scale mail
rPois   .            (no helmet)
rElec   .            (no cloak)
rCorr   .            (no gloves)
SInv    .            (no boots)
Will    .....        (no amulet)
Stlth   +            g - +5 ring of evasion
HPRegen 0.23/turn    (no ring)
MPRegen 0.08/turn

%: no passive effects
@: no status effects
A: small, no large weapons, nightstalker 3
a: no special abilities


You were on level 2 of the Dungeon.
You visited 1 branch of the dungeon, and saw 2 of its levels.

You collected 67 gold pieces.

Inventory:

Hand Weapons
 a - a +0 war axe (weapon)
Armour
 b - a +0 scale mail (worn)
 c - a +0 buckler (worn)
Jewellery
 g - a +5 ring of evasion (left hand)
 j - a ring of positive energy
Talismans
 f - a flux talisman
Scrolls
 i - a scroll of amnesia {unknown}
 k - a scroll of teleportation {unknown}
 l - a scroll of enchant weapon {unknown}
 m - a scroll of vulnerability {unknown}
 n - a scroll of fear {unknown}
 o - a scroll of identify {unknown}
 p - a scroll of butterflies {unknown}
Potions
 d - 3 potions of might
 e - a potion of degeneration {unknown}
 h - a potion of lignification {unknown}
 q - a potion of berserk rage {unknown}
 r - a potion of mutation {unknown}


   Skills:
 * Level 3.4 Fighting
 * Level 2.0 Axes
 * Level 2.6 Armour
 * Level 0.9 Dodging
 * Level 1.1 Stealth
 * Level 2.6 Shields
 * Level 0.7 Shapeshifting


You had 2 spell levels left.
You didn't know any spells.
Your spell library contained the following spells:

 Spells                   Type           Power      Damage    Failure   Level
 Animate Dead             Necr           0%         N/A       100%        4
 Borgnjor's Vile Clutch   Necr/Erth      0%         N/A       100%        5
 Death Channel            Necr           0%         N/A       100%        6


Dungeon Overview and Level Annotations

Branches:
Dungeon (2/15)

Altars:


Innate Abilities, Weirdness & Mutations

You are small and have problems with some larger weapons.
You are completely attuned to the shadows.


Message History

The orc barely misses you.
The orc priest calls down the wrath of Beogh upon you.
Beogh smites you!
Ouch! That really hurt!
The orc hits you with a +0 hand axe.
* * * LOW HITPOINT WARNING * * *
The orc priest completely misses you.
You are too injured to fight recklessly!
Unknown command.
You are too injured to fight recklessly!
Unknown command.
You are too injured to fight recklessly!
Unknown command.
You slash the orc!
You kill the orc!
You closely miss the orc priest. The bat closely misses you.
The orc priest hits you with a +0 club.
* * * LOW HITPOINT WARNING * * *
Unknown command.
The bat closely misses you. The orc priest misses you.
Things that are here:
a +0 hand axe; a +0 leather armour Unknown command.
Unknown command.
The bat closely misses you.
The orc priest looks satisfied for a moment.
Things that are here:
a +0 hand axe; an orc corpse You hit the orc priest but do no damage.
You block the bat's attack. The orc priest misses you.
The orc priest hits you with a +0 club.
* * * LOW HITPOINT WARNING * * *
Unknown command.
You slash the orc priest!
The orc priest is almost dead.
The bat closely misses you.
The orc priest mumbles some strange prayers to Beogh against you.
Beogh smites you!
Ouch! That really hurt!
You die...

#......# #.
#.....)####.
#...........
#........... .....#
#...........
......#
#...........
......#
#..^........
......#
###..#.#####
...)o@# #..#.#####
..b†.)# #..#......
......###
#.....####
........#
#.........
........#
#.....####
........#####.....#
#
..........>#.....#
#
##########.#..#.>.
. ...........


You could see an orc priest and a bat.

Vanquished Creatures
  2 dart slugs
  4 orcs (D:2)
  2 endoplasms
  A giant cockroach (D:1)
  2 hobgoblins (D:1)
  3 kobolds
  2 quokkas (D:1)
  4 ball pythons
  3 bats (D:1)
  2 frilled lizards (D:1)
  3 goblins (D:1)
  A rat (D:1)
29 creatures vanquished.

Notes
Turn   | Place    | Note
-------+----------+-------------------------------------------
     0 | D:1      | GigaChad the Kobold Fighter began the quest for the Orb.
     0 | D:1      | Reached XP level 1. HP: 14/14 MP: 1/1
   280 | D:1      | Reached XP level 2. HP: 19/19 MP: 2/2
   742 | D:1      | Reached XP level 3. HP: 23/23 MP: 3/3
  1007 | D:2      | Reached skill level 1 in Stealth
  1013 | D:2      | Killed from afar by an orc priest

Illustrated notes

Levels and vault maps discovered:
D:1:      spicycebolla_green_bress_n_ham, layout_basic
D:2:      cheibrodos_fertilizer, layout_basic,
          shapermc_ecumenical_altar_starsandcircs, basic_altar,
          nicolae_shop_vocational

Skill      XL: |  1  2  3 |
---------------+----------+-----
Stealth        | 1 |  1.1
Axes           | 2 |  2.0
Fighting       | |  3.4
Armour         | |  2.6
Dodging        | |  0.9
Shields        | |  2.6
Shapeshifting  | |  0.7

Action                     || total
---------------------------++-------
  Melee: War axe           ||    68
 Armour: Scale mail        ||    45
  Dodge: Dodged            ||    71
  Block: Buckler           ||    18

Table legend: (Time is in decaauts)
 A = Elapsed time spent in this place.
 B = Non-inter-level travel time spent in this place.
 C = Inter-level travel time spent in this place.
 D = Time resting spent in this place.
 E = Time spent auto-exploring this place.
 F = Levels seen in this place.
 G = Mean time per level.
                   A        B        C        D        E       F      G
               +--------+--------+--------+--------+--------+-----+--------+
         Total |   1043 |   1034 |      9 |      0 |    826 |   2 |  521.5 |
       Dungeon |   1043 |   1034 |      9 |      0 |    826 |   2 |  521.5 |
               +--------+--------+--------+--------+--------+-----+--------+

Top non-repeatable levels by time:
     D:1: 931 daAuts
     D:2: 111 daAuts
